 Dungeon Crawl Stone Soup version 0.30-a0-377-g5cb311bc9f (webtiles) character file.

Game seed: 6490974605779093283

45 KennySheep the Shooter (level 3, -1/29 HPs)
             Began as a Demigod Hunter on Nov 29, 2022.
             Slain by a goblin
             ... wielding a +0 dagger
             ... led by Robin
              (2 damage)
             ... on level 3 of the Dungeon.
             The game lasted 00:03:04 (1494 turns).

KennySheep the Shooter (Demigod Hunter)             Turns: 1494, Time: 00:03:05

Health: -1/29      AC:  3    Str:  9 (12) XL:     3   Next: 25%
Magic:  5/5        EV: 12    Int:  9 (11) God:
Gold:   158        SH:  0    Dex: 19 (21) Spells: 2/2 levels left

rFire   + . .      SeeInvis .    a - +0 shortbow
rCold   + + .      Faith    .    (shield currently unavailable)
rNeg    . . .      Spirit   .    c - +0 leather armour
rPois   +          Reflect  .    (no helmet)
rElec   +          Harm     .    (no cloak)
rCorr   +          Rampage  .    (no gloves)
Will    .....                    (no boots)
Stlth   ++........               (no amulet)
HPRegen 0.24/turn                (no ring)
MPRegen 0.09/turn                (no ring)

@: resistant, attractive, flying
A: high MP 1, forlorn, divine attributes, cold resistance 1, wild magic 1
a: no special abilities


You were on level 3 of the Dungeon.
You visited 1 branch of the dungeon, and saw 3 of its levels.

You collected 158 gold pieces.

Inventory:

Hand Weapons
 a - a +0 shortbow (weapon)
 n - the +0 falchion "Killer Bee's Doom" {venom, rCorr Str+2 SInv}
   (You found it on level 2 of the Dungeon)

   It poisons the flesh of those it strikes.
   Str:       It affects your strength (+2).
   SInv:      It lets you see invisible.
   rCorr:     It protects you from acid and corrosion.
Armour
 c - a +0 leather armour (worn)
Scrolls
 b - 3 scrolls of immolation
 e - 2 scrolls of enchant armour {unknown}
 g - 2 scrolls of teleportation {unknown}
 k - 2 scrolls of silence {unknown}
 l - a scroll of poison {unknown}
 m - 3 scrolls of identify {unknown}
 p - a scroll of blinking {unknown}
Potions
 j - a potion of degeneration
 o - a potion of lignification {unknown}
 q - a potion of mutation


   Skills:
 - Level 1.7 Fighting
 * Level 4.4 Ranged Weapons
 + Level 2.4 Dodging
 - Level 0.8 Stealth


You had 2 spell levels left.
You didn't know any spells.
Your spell library contained the following spells:

 Spells                   Type           Power      Damage    Failure   Level
 Cigotuvi's Dreadful Rot  Necr/Pois/Air  0%         N/A       73%         2
 Poisonous Vapours        Pois/Air       0%         N/A       73%         2
 Mephitic Cloud           Conj/Pois/Air  0%         N/A       90%         3
 Passage of Golubria      Tloc           0%         N/A       100%        4
 Silence                  Hex/Air        0%         N/A       100%        5
 Lehudib's Crystal Spear  Conj/Erth      0%         10d2      100%        8


Dungeon Overview and Level Annotations

Branches:
Dungeon (3/15)

Shops:
D:1 !


Innate Abilities, Weirdness & Mutations

You have an increased reservoir of magic. (+10% MP)
You shall have no god before yourself.
Your divine heritage dramatically boosts your attributes as you level up.
Your flesh is cold resistant. (rC+)
Your spells are a little harder to cast, but a little more powerful.


Message History

The orc wizard gestures at you while chanting.
You are more confused.
A goblin comes into view. It is wielding a +0 dagger.
The goblin shouts!
You hear a shout!
The orc wizard casts a spell.
The orc wizard flickers and vanishes!
Deactivating autopickup; reactivate with Ctrl-A.
Something hits you. Something hits you. Something hits you. Something hits you.
A magic dart appears from out of thin air!
The magic dart hits you.
Okay, then.
You are too confused!
Unknown command.
You're too confused to move!
It was a potion of attraction.
You feel attractive to monsters.
You feel less confused.
You hear some strange, mumbled words.
A puff of flame appears from out of thin air!
The puff of flame hits you.
* * * LOW HITPOINT WARNING * * *
The goblin closely misses you.
It was a potion of flight.
You feel very buoyant.
You fly up into the air.
You hear some strange, mumbled words.
A puff of flame appears from out of thin air!
The puff of flame hits you!
* * * LOW HITPOINT WARNING * * *
The goblin closely misses you.
It was a potion of curing.
You feel better. Something hits you.
* * * LOW HITPOINT WARNING * * *
The goblin hits you with a +0 dagger.
* * * LOW HITPOINT WARNING * * *
It was a potion of resistance.
You feel protected. Something barely misses you.
The goblin hits you with a +0 dagger.
You die...

#.. ### #.# ###..
..o . #.# ##...# #..
#.# ##. #.####..###
.. #.# #..
##.#....##
..####.###.##
#....####
#†.........# #..###
#..........######..#
#.........{@.......#
#.........g........#
#..................#
#..................#
#..................#
#..................#
###########........#
##########


You could see a goblin.

Vanquished Creatures
  2 adders (D:2)
  A dart slug (D:1)
  2 endoplasms (D:2)
  2 giant cockroaches (D:2)
  5 goblins
  3 hobgoblins
  A quokka (D:2)
  4 frilled lizards
  A kobold (D:1)
  5 rats
26 creatures vanquished.

Notes
Turn   | Place    | Note
-------+----------+-------------------------------------------
     0 | D:1      | KennySheep the Demigod Hunter began the quest for the Orb.
     0 | D:1      | Reached XP level 1. HP: 17/17 MP: 3/3
   200 | D:1      | Found Wuzaf's Distillery.
   666 | D:2      | Reached skill level 4 in Ranged Weapons
   666 | D:2      | Reached XP level 2. HP: 21/24 MP: 4/4
   714 | D:2      | Identified the +0 falchion "Killer Bee's Doom" {venom,
                  | rCorr Str+2 SInv}
   834 | D:2      | Reached XP level 3. HP: 29/29 MP: 5/5
  1416 | D:2      | Gained mutation: Your spells are a little harder to cast,
                  | but a little more powerful. [potion of mutation]
  1416 | D:2      | Gained mutation: Your flesh is cold resistant. (rC+)
                  | [potion of mutation]
  1492 | D:3      | HP: 1/29 [something/puff of flame (8)]
  1494 | D:3      | Slain by a goblin

Illustrated notes

Levels and vault maps discovered:
D:1:      erik_arrival_orb_chamber, layout_loops_ring, serial_shops, shop_statue
D:2:      layout_loops_ring, basic_altar, corexii_hall_statues_l,
          hangedman_decor_push, minmay_bisected
D:3:      layout_rooms, ebering_ecumenical_altar_petrified, uniq_robin

Skill      XL: |  1 |
---------------+----+-----
Dodging        | 2 |  2.4
Ranged Weapons | 4 |  4.4
Fighting       | |  1.7
Stealth        | |  0.8

Action                   || total
-------------------------++-------
 Fire: Shortbow          ||    64
  Use: Potion            ||     6
Armor: Leather armour    ||     2
Dodge: Dodged            ||    16

Table legend: (Time is in decaauts)
 A = Elapsed time spent in this place.
 B = Non-inter-level travel time spent in this place.
 C = Inter-level travel time spent in this place.
 D = Time resting spent in this place.
 E = Time spent auto-exploring this place.
 F = Levels seen in this place.
 G = Mean time per level.
                   A        B        C        D        E       F      G
               +--------+--------+--------+--------+--------+-----+--------+
         Total |   1515 |   1444 |     71 |     41 |   1219 |   3 |  505.0 |
       Dungeon |   1515 |   1444 |     71 |     41 |   1219 |   3 |  505.0 |
               +--------+--------+--------+--------+--------+-----+--------+

Top non-repeatable levels by time:
     D:2: 792 daAuts
     D:1: 658 daAuts
     D:3: 64 daAuts
